 Dungeon Crawl Stone Soup version 0.23.1 (webtiles) character file.

Game seed: 5719685805956821355

11319 Kairos the Unseen (level 11, -10/56 HPs)
             Began as a Vine Stalker Assassin on Mar 10, 2019.
             Was a Believer of Uskayaw.
             Mangled by a fire giant
             ... wielding a +2 great sword of flaming
              (30 damage)
             ... on level 10 of the Dungeon.
             The game lasted 00:20:33 (8365 turns).

Kairos the Unseen (Vine Stalker Assassin)           Turns: 8365, Time: 00:20:34

Health: -10/56     AC:  5    Str: 24    XL:     11   Next: 75%
Magic:  0/12       EV: 21    Int:  9    God:    Uskayaw [**....]
Gold:   630        SH:  0    Dex: 18    Spells: 10/10 levels left

rFire    + + .     SeeInvis +   q - +1 dagger (drain)
rCold    . . .     Gourm    .   (no shield)
rNeg     . . .     Faith    .   z - +1 robe "Biudij" {rF- MR- rCorr Str+9}
rPois    .         Spirit   +   C - +0 helmet
rElec    .         Reflect  .   I - scarf {rC+ rF+}
rCorr    +         Harm     .   s - +0 pair of gloves
MR       .....                  (no boots)
Stlth    ++++++....             (no amulet)
HPRegen  0.58/turn              r - +5 ring of evasion
MPRegen  0.13/turn              k - ring of fire

@: studying Fire Magic
A: fangs 3, see invisible, dopey 1, fire resistance 1, regeneration 1, evolution
1, magic shield, antimagic bite, no potion heal 3, rot immunity
a: Stomp, Line Pass, Renounce Religion


You were on level 10 of the Dungeon.
You worshipped Uskayaw.
Uskayaw was noncommittal.
You were not hungry.

You visited 2 branches of the dungeon, and saw 11 of its levels.

You collected 630 gold pieces.

Inventory:

Hand Weapons
 a - a +4 dagger
 b - a +0 blowgun
 q - a +1 dagger of draining (weapon)
 y - a +0 flail of holy wrath
 P - a +2 hand axe of flaming
 S - the +7 great mace "Firestarter" {inner flame, rF++}
   (You found it on level 10 of the Dungeon)

   It has been specially enchanted to burn those struck by it, causing extra
   injury to most foes and up to half again as much damage against particularly
   susceptible opponents.
   It greatly protects you from fire.
Missiles
 c - 10 tomahawks (quivered)
 e - 31 poisoned needles
 f - 2 curare-tipped needles
 K - 6 throwing nets
Armour
 s - a +0 pair of gloves (worn)
 u - a +0 ring mail of fire resistance
 z - the +1 robe "Biudij" (worn) {rF- MR- rCorr Str+9}
   (You found it on level 4 of the Dungeon)

   It affects your strength (+9).
   It makes you vulnerable to fire.
   It affects your resistance to hostile enchantments.
   It provides partial protection from all sources of acid and corrosion.
 C - a +0 helmet (worn)
 I - a scarf of resistance (worn)
 L - a +0 ring mail of cold resistance
Jewellery
 k - a ring of fire (right hand)
 r - a +5 ring of evasion (left hand)
 v - an uncursed ring of see invisible
 F - an uncursed ring of stealth
 G - a +1 ring of protection
Wands
 i - a wand of acid (24)
 p - a wand of paralysis (16)
 M - a wand of disintegration (14)
Scrolls
 d - a scroll of immolation
 m - 8 scrolls of remove curse
 o - 2 scrolls of amnesia
 t - 5 scrolls of teleportation
 w - 2 scrolls of fear
 x - 2 scrolls of blinking
 H - a scroll of silence {unknown}
 N - 4 scrolls of magic mapping
 Q - a scroll of identify
Potions
 h - 3 potions of haste
 j - 2 potions of brilliance {unknown}
 l - 3 potions of curing
 n - 2 potions of flight {unknown}
 A - a potion of mutation
 D - a potion of invisibility
 E - a potion of lignification {unknown}
 J - 2 potions of cancellation {unknown}
 O - a potion of agility
Books
 R - a manual of Fire Magic
Comestibles
 g - 28 rations


   Skills:
 + Level 5.6 Fighting
 + Level 8.5 Short Blades
 + Level 1.9 Throwing
 + Level 2.9 Armour
 + Level 5.9 Dodging
 * Level 15.9 Stealth


You had 10 spell levels left.
You didn't know any spells.
Your spell library contained the following spells:

 Spells                   Type           Power        Failure   Level  Hunger
 Ignite Poison            Fire/Tmut/Pois #.......     77%         3    ####...
 Fireball                 Conj/Fire      #.........   100%        5    ######.
 Bolt of Fire             Conj/Fire      #.........   100%        6    #######
 Ring of Flames           Chrm/Fire      #.........   100%        7    #######
 Ignition                 Fire           #.........   100%        8    #######


Dungeon Overview and Level Annotations

Branches:
Dungeon (10/15)            Temple (1/1) D:5            Lair (0/6) D:8
    Orc (0/2) D:9

Altars:
Ashenzari
Cheibriados
Dithmenos
Elyvilon
Fedhas
Gozag
Hepliaklqana
Kikubaaqudgha
Makhleb
Nemelex Xobeh
Okawaru
Qazlal
Ru
Sif Muna
Trog
Uskayaw
Vehumet
Wu Jian
Xom
Yredelemnul
Zin
The Shining One

Shops:
D:7 (


Innate Abilities, Weirdness & Mutations

You have razor-sharp teeth.
Your natural rate of healing is unusually fast.
When hurt, damage is shared between your health and your magic reserves.
Your bite disrupts and absorbs the magic of your enemies.
Potions cannot restore your health.
You are immune to rotting.
You have supernaturally acute eyesight. (SInv)
You are dopey. (Int -2)
Your flesh is heat resistant. (rF+)
You evolve.


Message History

The fire giant gestures at you while chanting.
The bolt of fire misses you.
You barely miss the fire giant. You bite the fire giant.
The fire giant's magic leaks into the air.
You drain its magic.
You feel invigorated.
The fire giant is lightly wounded.
You barely miss the fire giant. You bite the fire giant.
The fire giant's magic leaks into the air.
You drain its magic.
You feel invigorated.
The fire giant is moderately wounded.
The fire giant hits you with a +2 great sword of flaming!!
You can now pass through a line of other dancers.
You hit the fire giant but do no damage.
Your bite misses the fire giant.
The fire giant is moderately wounded.
You hit the fire giant. Your bite misses the fire giant.
The fire giant is moderately wounded.
The fire giant hits you with a +2 great sword of flaming!!!
Ouch! That really hurt!
You die...

...# #........# ##.### ...#
#........# #..#.. ...# #........#
####..... ...# #..# #.......(#
#......# †..# #..#
#####...#######.....## ...###..#
###.###.....##...# ....##..####
##.)......###...##
###.##..##.#####...#...### #....#
#..#..##......@.....## #.#..#
####.#..#.......#C##..# ###.##..
.###............#a...## ##...##.#
.>.##..##.......####.####..####.#
##..............###..##...## #.#
###..........(..........### #..
.###.....#.#.##...#...(## ##.
..####.>)....|...##.c.<# #.
##.###............##...# #.


You could see a fire giant and a worker ant.

Vanquished Creatures
  A hydra (D:9)
  Harold (D:7)
  2 two-headed ogres
  Pikel (D:6)
  An elephant (D:8)
  A hornet (D:9)
  3 hippogriffs (D:8)
  A troll (D:10)
  2 dream sheep (D:9)
  7 yaks (D:9)
  2 basilisks (D:8)
  A hungry ghost (D:7)
  6 fire bats (D:10)
  3 phantoms
  An ice beast (D:7)
  4 black bears
  2 orc warriors
  A necrophage (D:8)
  3 sky beasts (D:10)
  4 ogres
  5 centaurs
  3 big kobolds (D:9)
  4 bullfrogs
  2 scorpions
  5 killer bees (D:8)
  A bullfrog zombie (D:5)
  A centaur zombie (D:5)
  2 crimson imps (D:9)
  7 hounds
  A quasit (D:9)
  4 jellies
  10 orc priests
  A centaur skeleton (D:5)
  Jessica (D:3)
  2 iguanas
  7 orc wizards
  11 worker ants
  Natasha (thrice) (D:4)
  A killer bee zombie (D:10)
  A hound zombie (D:6)
  A worker ant zombie (D:5)
  6 adders
  A shadow imp (D:8)
  2 oozes
  An adder skeleton (D:4)
  2 worms
  4 dart slugs
  3 leopard geckos
  42 orcs
  2 giant cockroaches
  12 goblins
  3 hobgoblins
  4 jackals (D:3)
  2 quokkas
  4 ball pythons
  4 bats
  5 frilled lizards
  A jackal skeleton (D:4)
  A jackal zombie (D:5)
  3 kobolds
  10 rats
232 creatures vanquished.

Vanquished Creatures (others)
  A two-headed ogre (D:7)
  An ogre (D:7)
  A big kobold (D:7)
  A bullfrog (D:7)
  A scorpion (D:7)
  A jelly (D:7)
  An orc priest (D:6)
  2 orc wizards
  A worker ant (D:7)
  A leopard gecko (D:7)
  3 orcs
  4 toadstools (D:1)
18 creatures vanquished.

Grand Total: 250 creatures vanquished

Notes
Turn   | Place    | Note
-------+----------+-------------------------------------------
     0 | D:1      | Kairos the Vine Stalker Assassin began the quest for the
                  | Orb.
     0 | D:1      | Reached XP level 1. HP: 11/11 MP: 2/2
   162 | D:1      | Reached skill level 5 in Stealth
   182 | D:1      | Reached XP level 2. HP: 14/15 MP: 3/3
   501 | D:1      | Reached XP level 3. HP: 18/18 MP: 4/4
   801 | D:1      | Gained mutation: You have supernaturally acute eyesight.
                  | (SInv) [potion of mutation]
   801 | D:1      | Gained mutation: You evolve. [potion of mutation]
   801 | D:1      | Gained mutation: You are dopey. (Int -2) [potion of
                  | mutation]
   801 | D:1      | Gained mutation: Your flesh is heat resistant. (rF+)
                  | [potion of mutation]
  1082 | D:2      | Reached skill level 6 in Stealth
  1295 | D:3      | Noticed Jessica
  1299 | D:3      | Killed Jessica
  1299 | D:3      | Gained mutation: Your natural rate of healing is unusually
                  | fast. [Vine Stalker growth]
  1299 | D:3      | Reached XP level 4. HP: 23/23 MP: 5/5
  1316 | D:3      | Reached XP level 5. HP: 20/27 MP: 6/6
  1333 | D:3      | Reached skill level 7 in Stealth
  1508 | D:3      | Reached skill level 1 in Dodging
  1511 | D:3      | Reached XP level 6. HP: 32/32 MP: 7/7
  1683 | D:3      | Found a white marble altar of Elyvilon.
  2602 | D:4      | Reached skill level 1 in Armour
  2618 | D:4      | Noticed Natasha
  2629 | D:4      | Killed Natasha
  2709 | D:4      | Reached XP level 7. HP: 30/35 MP: 8/8
  2712 | D:4      | Noticed Natasha
  2726 | D:4      | Killed Natasha
  2759 | D:4      | Got an ominously black robe
  2770 | D:4      | Identified the +1 robe "Biudij" {rF- MR- rCorr Str+9} (You
                  | found it on level 4 of the Dungeon)
  2770 | D:4      | Noticed Natasha
  2803 | D:4      | Killed Natasha
  3203 | D:4      | Found a hazy altar of Hepliaklqana.
  3312 | D:5      | Entered Level 5 of the Dungeon
  3333 | D:5      | Found a glowing golden altar of the Shining One.
  3406 | D:5      | Found a staircase to the Ecumenical Temple.
  3432 | Temple   | Entered the Ecumenical Temple
  3633 | D:5      | Found a shattered altar of Ashenzari.
  3824 | D:5      | Gained mutation: You have razor-sharp teeth. [Vine Stalker
                  | growth]
  3824 | D:5      | Reached XP level 8. HP: 40/40 MP: 9/9
  4002 | D:5      | Reached skill level 5 in Short Blades
  4002 | D:5      | Reached skill level 8 in Stealth
  4210 | D:6      | Found a bloodstained altar of Trog.
  4493 | D:6      | Noticed Pikel
  4508 | D:6      | Killed Pikel
  4508 | D:6      | Reached XP level 9. HP: 28/45 MP: 8/10
  4595 | D:6      | HP: 2/45 [orc priest/divine providence (10)]
  5027 | D:7      | Reached skill level 9 in Stealth
  5039 | D:7      | Found an opulent altar of Gozag.
  5058 | D:7      | Killed a two-headed ogre
  5087 | D:7      | Noticed Harold
  5144 | D:7      | Found a burning altar of Makhleb.
  5276 | D:7      | Noticed a +0 dagger
  5280 | D:7      | Noticed a +0 hand axe
  5282 | D:7      | Found a hide-covered altar of Uskayaw.
  5291 | D:7      | Became a worshipper of Uskayaw the Reveler
  5320 | D:7      | Reached * piety under Uskayaw
  5349 | D:7      | Found a shimmering altar of Xom.
  5365 | D:7      | Found a bloodstained altar of Trog.
  5400 | D:7      | Found Evyfercha's Antique Weapon Shoppe.
  5407 | D:7      | Killed Harold
  5407 | D:7      | Reached skill level 10 in Stealth
  5407 | D:7      | Reached ** piety under Uskayaw
  5431 | D:7      | Reached *** piety under Uskayaw
  5435 | D:7      | Reached **** piety under Uskayaw
  5633 | D:7      | Found a deep blue altar of Sif Muna.
  5794 | D:8      | Reached XP level 10. HP: 51/51 MP: 11/11
  5844 | D:8      | Reached skill level 11 in Stealth
  5993 | D:8      | Found a staircase to the Lair.
  5993 | D:8      | Noticed an elephant
  6174 | D:8      | Killed an elephant
  6174 | D:8      | Reached skill level 5 in Fighting
  6183 | D:8      | Reached ***** piety under Uskayaw
  6186 | D:8      | Reached skill level 5 in Dodging
  6186 | D:8      | Reached skill level 12 in Stealth
  6320 | D:8      | Found a snail-covered altar of Cheibriados.
  6761 | D:9      | Reached skill level 13 in Stealth
  6984 | D:9      | Paralysed by a hornet for 3 turns
  7138 | D:9      | Found an ornate altar of the Wu Jian Council.
  7197 | D:9      | Noticed a two-headed ogre
  7204 | D:9      | Killed a two-headed ogre
  7204 | D:9      | Reached skill level 14 in Stealth
  7204 | D:9      | Reached XP level 11. HP: 56/56 MP: 12/12
  7258 | D:9      | Reached ****** piety under Uskayaw
  7293 | D:9      | Noticed a three-headed hydra
  7296 | D:9      | Killed a three-headed hydra
  7421 | D:9      | Reached skill level 15 in Stealth
  7539 | D:9      | Found a staircase to the Orcish Mines.
  7682 | D:10     | Entered Level 10 of the Dungeon
  7709 | D:10     | Noticed a two-headed ogre
  7716 | D:10     | Killed a two-headed ogre
  7775 | D:10     | Noticed a fire giant
  7776 | D:10     | Found the +7 great mace "Firestarter" {inner flame, rF++}
  8365 | D:10     | Mangled by a fire giant

Skill      XL: |  1  2  3  4  5  6  7  8  9 10 11 |
---------------+----------------------------------+-----
Short Blades   | 2 3 4 6 7 8 |  8.5
Stealth        | 5 6 7 8 10 14 15 | 15.9
Fighting       | 2 3 4 5 |  5.6
Dodging        | 1 2 3 4 5 |  5.9
Armour         | 1 2 |  2.9
Throwing       | |  1.9

Action                   |  1- 3 |  4- 6 |  7- 9 | 10-12 || total
-------------------------+-------+-------+-------+-------++-------
Melee: Dagger            |    66 |   164 |   232 |   402 ||   864
       Bite              |     7 |    54 |   103 |   166 ||   330
Evoke: Wand              |       |       |       |     1 ||     1
  Use: Scroll            |     4 |     4 |     6 |     5 ||    19
       Potion            |     3 |       |       |     2 ||     5
 Stab: Sleeping          |     9 |     3 |    12 |    17 ||    41
       Distracted        |       |       |     1 |       ||     1
       Paralysed         |       |       |     2 |    15 ||    17
  Eat: Chunk             |       |     5 |     6 |     6 ||    17
       Ration            |       |       |     2 |       ||     2
Armor: Robe              |     9 |       |    16 |    38 ||    63
       Leather armour    |       |     8 |       |       ||     8
       Ring mail         |       |    19 |     3 |       ||    22
Dodge: Dodged            |    37 |   112 |   141 |   276 ||   566
